 Dungeon Crawl Stone Soup version 0.26.1-10-gdfb7c7de75 (webtiles) character file.

Game seed: 14874603680486918876

470470 tardwrangler69 the Slayer (level 23, -7/229 HPs)
             Began as a Minotaur Fighter on Apr 3, 2021.
             Was a Believer of Uskayaw.
             Killed from afar by Angmar's ghost (26 damage)
             ... with a chain lightning
             ... on level 4 of the Vaults.
             The game lasted 01:26:29 (63561 turns).

tardwrangler69 the Slayer (Minotaur Fighter)       Turns: 63561, Time: 01:26:30

Health: -7/229     AC: 27    Str: 35    XL:     23   Next: 52%
Magic:  36/36      EV: 24    Int:  5    God:    Uskayaw [**....]
Gold:   968        SH: 18    Dex: 16    Spells: 22/22 levels left

rFire    + + .     SeeInvis +   H - +3 broad axe
rCold    + + +     Faith    +   S - +2 shield of Resistance {rF++ rC++ Will++}
rNeg     . . .     Spirit   .   z - +0 plate armour "Juthou" {rC+ Will+ Stlth-}
rPois    .         Reflect  .   Q - +0 mask of the Dragon {Will+ Slay+3 SInv}
rElec    .         Harm     .   d - +2 cloak
rCorr    .         Rampage  .   u - +2 pair of gloves {Str+3}
Will     +++++                  C - +0 pair of boots
Stlth    ..........             x - amulet of faith
HPRegen  0.48/turn              M - ring "Zeurgh" {+Blink EV+4 Dex+7 SInv}
MPRegen  0.25/turn              J - ring of willpower

@: silence (expiring), flying (expiring)
A: retaliatory headbutt, horns 2, subdued magic 1
}: 2/15 runes: serpentine, barnacled
a: Renounce Religion, Evoke Blink


You were on level 4 of the Vaults.
You worshipped Uskayaw.
Uskayaw was greatly pleased with you.
You visited 8 branches of the dungeon, and saw 39 of its levels.
You visited the Abyss 2 times.
You visited 1 bazaar.
You also visited: Desolation.

You collected 5148 gold pieces.
You spent 4180 gold pieces at shops.

Inventory:

Hand Weapons
 e - the +10 morningstar "Umecrodd" {venom, *Noise rPois Str+3 Dex+4}
   (You took it off a deep elf annihilator on level 3 of the Elven Halls)

   It poisons the flesh of those it strikes.
   It affects your strength (+3).
   It affects your dexterity (+4).
   It protects you from poison.
   It may make noises in combat.
 H - a +3 broad axe (weapon)
 V - the +8 lance "Wyrmbane" {slay drac, rPois rF+ rC+ AC+3}
   (You took it off a deep elf death mage on level 3 of the Elven Halls)

   It affects your AC (+3).
   It protects you from fire.
   It protects you from cold.
   It protects you from poison.
Missiles
 f - 22 javelins
 K - 32 silver javelins (quivered)
Armour
 b - a +0 crystal plate armour
 d - a +2 cloak (worn)
 u - a +2 pair of gloves of strength (worn)
 z - the +0 plate armour "Juthou" (worn) {rC+ Will+ Stlth-}
   (You took it off a deep elf high priest on level 3 of the Elven Halls)

   It protects you from cold.
   It affects your willpower, your defense against some magical effects.
   It makes you less stealthy.
 C - a +0 pair of boots (worn)
 Q - the +0 mask of the Dragon (worn) {Will+ Slay+3 SInv}
   (You found it on level 1 of the Orcish Mines)

   It affects your accuracy and damage with ranged weapons and melee attacks
   (+3).
   It affects your willpower, your defense against some magical effects.
   It lets you see invisible.
 S - the +2 shield of Resistance (worn) {rF++ rC++ Will++}
   (You bought it in a shop on level 3 of the Snake Pit)

   It greatly protects you from fire.
   It greatly protects you from cold.
   It affects your willpower, your defense against some magical effects.
Jewellery
 a - the ring of Xom's Full Attention {Ice rElec SInv}
   (You found it on level 15 of the Dungeon)

   [ring of ice]

   It enhances your ice magic.
   It makes you vulnerable to fire.
   It protects you from cold.
   It insulates you from electricity.
   It lets you see invisible.
 c - an uncursed ring of resist corrosion
 h - the amulet "Azysoyn" {Acrobat rPois rC+ Str-4, unknown}
   (You found it in the Desolation of Salt)

   [amulet of the acrobat]

   It helps you evade while moving and waiting.
   It affects your strength (-4).
   It protects you from cold.
   It protects you from poison.
 i - an uncursed ring of positive energy
 x - an amulet of faith (around neck)
 y - an uncursed amulet of guardian spirit {unknown}
 J - a ring of willpower (right hand)
 M - the ring "Zeurgh" (left hand) {+Blink EV+4 Dex+7 SInv}
   (You acquired it in a bazaar)

   [ring of evasion]

   It affects your evasion (+4).
   It affects your dexterity (+7).
   It lets you see invisible.
   It lets you blink.
 O - a +4 ring of slaying
 U - an uncursed ring of poison resistance
 W - the amulet "Goupsext" {Faith rElec rPois Will+, unknown}
   (You found it in the Desolation of Salt)

   [amulet of faith]

   It allows you to gain divine favour quickly.
   It insulates you from electricity.
   It protects you from poison.
   It affects your willpower, your defense against some magical effects.
 X - the ring "Ateets" {rF+ Str+3}
   (You took it off a deep elf high priest on level 3 of the Elven Halls)

   [ring of protection from fire]

   It affects your strength (+3).
   It protects you from fire.
 Y - a +6 ring of dexterity
 Z - the ring "Wuvaefi" {rCorr Stlth+}
   (You took it off a deep elf demonologist on level 3 of the Elven Halls)

   [ring of resist corrosion]

   It provides partial protection from all sources of acid and corrosion.
   It makes you more stealthy.
Wands
 r - a wand of acid (40)
 G - a wand of digging (20)
Scrolls
 j - 21 scrolls of remove curse
 k - a scroll of fear
 n - 6 scrolls of magic mapping
 o - 7 scrolls of immolation
 s - a scroll of summoning
 t - 8 scrolls of enchant weapon
 A - 5 scrolls of fog
 B - 12 scrolls of teleportation
 F - a scroll of acquirement
 I - 5 scrolls of enchant armour
 L - 28 scrolls of identify
 P - 3 scrolls of blinking
Potions
 g - 8 potions of flight
 l - 3 potions of cancellation
 m - 15 potions of curing
 p - 3 potions of resistance
 q - 3 potions of attraction
 v - 8 potions of haste
 w - 5 potions of lignification
 D - 5 potions of heal wounds
 E - 4 potions of ambrosia
 N - 4 potions of invisibility
 T - a potion of mutation


   Skills:
 + Level 24.0 Fighting
 - Level 16.0 Axes
 + Level 18.4 Armour
 + Level 16.5 Dodging
 - Level 15.0 Shields
 + Level 21.9 Invocations


You had 22 spell levels left.
You didn't know any spells.
Your spell library contained the following spells:

 Spells                   Type           Power        Failure   Level
 Animate Skeleton         Necr           0%           87%         1
 Apportation              Tloc           0%           87%         1
 Corona                   Hex            0%           87%         1
 Foxfire                  Conj/Fire      0%           87%         1
 Magic Dart               Conj           0%           87%         1
 Pain                     Necr           0%           87%         1
 Sting                    Tmut/Pois      0%           87%         1
 Summon Small Mammal      Summ           0%           87%         1
 Blink                    Tloc           N/A          95%         2
 Call Imp                 Summ           0%           95%         2
 Ensorcelled Hibernation  Hex/Ice        0%           95%         2
 Searing Ray              Conj           0%           95%         2
 Slow                     Hex            0%           95%         2
 Call Canine Familiar     Summ           0%           99%         3
 Confusing Touch          Hex            0%           99%         3
 Conjure Flame            Conj/Fire      0%           99%         3
 Dazzling Flash           Conj/Hex       0%           99%         3
 Gell's Gravitas          Tloc           0%           99%         3
 Ignite Poison            Fire/Tmut/Pois 0%           99%         3
 Lesser Beckoning         Tloc           0%           99%         3
 Mephitic Cloud           Conj/Pois/Air  0%           99%         3
 Summon Guardian Golem    Hex/Summ       0%           99%         3
 Teleport Other           Tloc           0%           99%         3
 Tukima's Dance           Hex            0%           99%         3
 Vampiric Draining        Necr           0%           99%         3
 Animate Dead             Necr           0%           100%        4
 Fulminant Prism          Conj/Hex       0%           100%        4
 Iskenderun's Mystic Bla  Conj/Tloc      0%           100%        4
 Passage of Golubria      Tloc           N/A          100%        4
 Petrify                  Tmut/Erth      0%           100%        4
 Summon Ice Beast         Ice/Summ       0%           100%        4
 Summon Lightning Spire   Summ/Air       0%           100%        4
 Agony                    Necr           0%           100%        5
 Alistair's Intoxication  Tmut/Pois      0%           100%        5
 Fireball                 Conj/Fire      0%           100%        5
 Irradiate                Conj/Tmut      0%           100%        5
 Iskenderun's Battlesphe  Conj           0%           100%        5
 Metabolic Englaciation   Hex/Ice        0%           100%        5
 Yara's Violent Unravell  Hex/Tmut       0%           100%        5
 Hydra Form               Tmut           0%           100%        6
 Invisibility             Hex            0%           100%        6
 Starburst                Conj/Fire      0%           100%        6
 Statue Form              Tmut/Erth      0%           100%        6
 Dragon Form              Tmut           0%           100%        7
 Discord                  Hex            0%           100%        8
 Ignition                 Fire           0%           100%        8


Dungeon Overview and Level Annotations

Branches:
Dungeon (15/15)            Temple (1/1) D:7            Lair (6/6) D:8
 Shoals (4/4) Lair:3        Snake (4/4) Lair:4        Slime (0/5) Lair:5
    Orc (2/2) D:12            Elf (3/3) Orc:2        Vaults (4/5) D:14
  Crypt (0/3) Vaults:3     Depths (0/5) D:15        Desolation (visited)

Altars:
Ashenzari
Cheibriados
Dithmenos
Elyvilon
Fedhas
Gozag
Hepliaklqana
Kikubaaqudgha
Makhleb
Nemelex Xobeh
Okawaru
Qazlal
Ru
Sif Muna
Trog
Uskayaw
Vehumet
Wu Jian
Xom
Yredelemnul
Zin
The Shining One

Shops:
D:5 !   D:8 }   D:9 (   Orc:2 :(=   Shoals:1 =   Shoals:3 *   Snake:2 [
Snake:3 [?[*}   Snake:4 =:   Vaults:3 =   Vaults:4 !

Annotations:
D:4 2 transporters
D:11 exclusion: downstairs
D:12 3 runed translucent doors, tardwrangler69's ghost, journeyman MiFi
Lair:1 exclusion: 2 oklob plants
Vaults:2 36 runed doors
Vaults:3 3 runed translucent doors, axecop's ghost, adept DsAK
Vaults:4 Angmar's ghost, veteran DrAE


Innate Abilities, Weirdness & Mutations

You reflexively headbutt those who attack you in melee.
You have a pair of horns on your head.
Your spells are a little easier to cast, but a little less powerful.


Message History

You miss Angmar's ghost. You headbutt Angmar's ghost.
Angmar's ghost is heavily damaged.
Angmar's ghost gestures wildly while chanting.
A great vortex of raging winds appears around Angmar's ghost!
You hit Angmar's ghost but do no damage.
You headbutt Angmar's ghost, but do no damage.
Angmar's ghost is heavily damaged.
You barely miss Angmar's ghost. Your headbutt misses Angmar's ghost.
Angmar's ghost is heavily damaged.
The vortex of raging winds lifts you up.
You fly up into the air.
Angmar's ghost casts a spell.
The lightning arc hits you!!!
* * * LOW HITPOINT WARNING * * *
The lightning arc hits Angmar's ghost but does no damage.
The lightning arc hits you!!!
* * * LOW HITPOINT WARNING * * *
The lightning arc hits Angmar's ghost but does no damage.
The lightning arc hits you!!
You die...

#...# ......#. #####...# ......#.
#...)...# 8?..⌠.#. #####
#...)...# ######## .#..#
#..)....## ######
.#..####...####§########§§§§# ##
.#..#..)...#..§§§§§§§##.§§#§# #.
.#..#......#.§§§§§§§§'..W§§§####.
.#.)'......#..§§@W§§§#.§§§§§##...
##.)#######'..§#######.#§§§W##...
....# ##...# #...§§#§§... ....#
#...# ######§#§... .(..# #...#
###.§§..# .(..# #...# #....§..#
....# #...# ###......## #)###
##### #......### ))..# #.....##


You could see Angmar's ghost (tornado).

Vanquished Creatures
  Nikola (Elf:1)
  Jorgrun (D:12)
  Asterion (Orc:2)
  3 deep elf blademasters
  The ghost of Wueresid the Spry, an adept DEWz of Sif Muna (Vaults:4)
  2 deep elf master archers (Elf:3)
  2 sphinxes
  A kraken (Shoals:1)
  Gastronok (D:8)
  Ilsuiw (Shoals:4)
  A storm dragon (Vaults:4)
  Donald (Snake:4)
  A revenant (Abyss:2)
  13 nagarajas
  2 frost giants
  8 deep elf sorcerers
  6 vault wardens
  A fire giant (Vaults:4)
  3 imperial myrmidons (Desolation)
  Aizul (Elf:1)
  4 deep elf elementalists (Elf:3)
  16 ironheart preservers
  The ghost of Moginug the Carver, a journeyman DgWn (Orc:1)
  3 stone giants
  5 deep elf demonologists
  2 halazid warlocks (Desolation)
  8 deep elf annihilators
  2 entropy weavers
  7 deep elf death magi
  3 merfolk javelineers
  A crystal guardian (Desolation)
  14 merfolk impalers
  2 ettins (Vaults:3)
  4 ragged hierophants (Desolation)
  A fire dragon (Vaults:1)
  2 great orbs of eyes
  9 deep elf high priests (Elf:3)
  7 yaktaur captains
  3 rakshasas
  Josephine (D:11)
  12 vault guards
  11 ogre magi
  9 naga warriors
  3 ice dragons
  7 peacekeepers (Desolation)
  7 boulder beetles
  11 merfolk avatars
  9 servants of whispers (Desolation)
  9 centaur warriors
  8 hydras
  Harold (D:8)
  4 catoblepae
  4 alligator snapping turtles (Shoals:4)
  6 merfolk aquamancers
  The ghost of Ravenswing17 the Slinger, a journeyman HaFi (Orc:2)
  9 death yaks
  21 anacondas
  4 death knights
  22 dancing weapons
  25 two-headed ogres
  3 deep troll shamans
  5 tengu warriors
  3 deep troll earth magi
  4 orc high priests (Orc:2)
  A thrashing horror (Abyss:2)
  6 shock serpents
  5 naga sharpshooters
  A wretched star (Abyss:2)
  17 deep elf knights
  7 skeletal warriors
  An unseen horror (shapeshifter) (Abyss:2)
  3 unseen horrors
  3 salamander mystics
  8 deep trolls
  12 sea snakes
  2 wizards
  3 flayed ghosts
  27 deep elf archers
  A glowing orange brain (Vaults:1)
  11 naga ritualists
  A wolf spider zombie (D:15)
  3 necromancers
  A phantasmal warrior (Vaults:4)
  Pikel (D:8)
  31 harpies
  18 ironbrand convokers
  A harpy (shapeshifter) (Vaults:3)
  13 ugly things
  17 mana vipers
  4 wolf spiders
  79 deep elf magi
  8 salamanders
  6 fauns
  A salamander (shapeshifter) (Vaults:4)
  16 orc knights
  15 elephants
  3 orc sorcerers
  A worldbinder (Abyss:2)
  17 manticores
  6 cyclopes
  2 centaur zombies
  7 merfolk sirens
  Joseph (D:8)
  A human skeleton (Vaults:4)
  21 guardian serpents
  4 water nymphs
  6 vault sentinels
  A centaur skeleton (D:15)
  A smoke demon (Abyss:2)
  19 naga magi
  A molten gargoyle (Desolation)
  2 torpor snails
  10 cane toads
  47 black mambas
  3 rime drakes
  9 komodo dragons
  4 kobold demonologists
  A yaktaur skeleton (Vaults:4)
  8 freezing wraiths
  A komodo dragon (shapeshifter) (Elf:3)
  2 tengu conjurers
  35 merfolk
  21 yaktaurs
  9 wind drakes
  2 jumping spiders (shapeshifter)
  3 jumping spiders (Vaults:3)
  A troll (shapeshifter) (Vaults:2)
  4 trolls
  5 hornets
  4 polar bears
  57 saltlings (Desolation)
  A raiju (shapeshifter) (Vaults:1)
  A meliai zombie (D:12)
  A raiju (Abyss:2)
  32 slime creatures
  16 blink frogs
  6 snapping turtles
  2 stone giant simulacra
  4 air elementals
  16 water elementals
  3 starcursed masses (Abyss:2)
  A shadow (D:15)
  A ynoxinul (Abyss:2)
  6 wraiths
  A vampire (D:9)
  A steam dragon (D:12)
  4 wyverns
  33 yaks
  4 basilisks
  A fire bat (shapeshifter) (Vaults:1)
  A fire bat (Abyss:2)
  5 golden eyes (Abyss:2)
  3 fire elementals
  Eustachio (D:6)
  29 wargs
  An acid dragon (shapeshifter) (Elf:1)
  58 nagas
  A soldier ant (D:14)
  An acid dragon (D:15)
  4 small abominations (Abyss:2)
  10 water moccasins
  6 sky beasts
  2 eyes of draining
  4 ice beasts
  4 black bears
  46 orc warriors
  A necrophage (D:7)
  An elf zombie (Vaults:4)
  A boggart (Vaults:3)
  8 wolves (Lair:6)
  23 centaurs
  32 ogres
  A lemure (D:8)
  2 human zombies (Vaults:4)
  3 big kobolds
  14 bullfrogs
  An earth elemental (Elf:2)
  6 scorpions
  2 jellies
  8 killer bees
  4 wights
  2 howler monkeys (D:7)
  An electric eel (D:14)
  A bullfrog zombie (D:10)
  3 quasits
  7 hounds
  A bullfrog skeleton (D:7)
  31 orc priests
  52 orc wizards
  An iguana (D:11)
  9 worker ants
  4 hell rats (Lair:4)
  2 worker ant zombies (D:5)
  A howler monkey zombie (D:7)
  7 gnolls
  8 adders
  A shadow imp (D:10)
  4 white imps
  3 ufetubi
  2 oozes
  2 adder skeletons
  An adder zombie (D:7)
  2 worms
  4 dart slugs
  5 leopard geckos
  121 orcs
  A ball python (D:3)
  7 bats
  4 giant cockroaches
  3 goblins
  5 hobgoblins
  8 jackals
  A quokka (D:11)
  6 frilled lizards
  A jackal skeleton (D:4)
  21 kobolds
  An orc skeleton (Abyss:2)
  6 rats
  7 crawling corpses
  3 pillars of salt (Vaults:2)
  4 tentacles (Shoals:1)
1756 creatures vanquished.

Vanquished Creatures (others)
  A ragged hierophant (Desolation)
  A deep elf mage (Elf:2)
  A black mamba (Snake:1)
  An orc wizard (Orc:2)
  A ball lightning (Vaults:4)
  28 fungi
  145 plants
  3 tentacles (Shoals:1)
  6 withered plants
187 creatures vanquished.

Grand Total: 1943 creatures vanquished

Notes
Turn   | Place    | Note
-------+----------+-------------------------------------------
     0 | D:1      | tardwrangler69 the Minotaur Fighter began the quest for the
                  | Orb.
     0 | D:1      | Reached XP level 1. HP: 19/19 MP: 0/0
   153 | D:1      | Reached XP level 2. HP: 21/27 MP: 1/1
   767 | D:1      | Reached skill level 4 in Fighting
   767 | D:1      | Reached XP level 3. HP: 33/33 MP: 2/2
  1362 | D:2      | Reached XP level 4. HP: 40/40 MP: 3/3
  1775 | D:3      | Found a shimmering altar of Xom.
  2590 | D:4      | Noticed an ogre
  2597 | D:4      | Killed an ogre
  2598 | D:4      | Reached XP level 5. HP: 23/47 MP: 4/4
  2831 | D:4      | Found a transporter.
  2849 | D:4      | Found a transporter.
  3022 | D:4      | Reached skill level 5 in Axes
  3219 | D:5      | Entered Level 5 of the Dungeon
  3265 | D:4      | Reached skill level 5 in Shields
  3265 | D:4      | Reached XP level 6. HP: 24/55 MP: 5/5
  3587 | D:5      | Reached skill level 5 in Fighting
  3587 | D:5      | Reached skill level 5 in Armour
  3610 | D:5      | Found a broken altar of Ashenzari.
  3747 | D:5      | Found an opulent altar of Gozag.
  3909 | D:5      | Found a shimmering blue altar of Sif Muna.
  3909 | D:5      | Noticed a sky beast
  3922 | D:5      | Killed a sky beast
  3923 | D:5      | Reached XP level 7. HP: 54/61 MP: 6/6
  4333 | D:5      | Found Wephavus's Distillery.
  4340 | D:5      | Bought a potion of heal wounds for 60 gold pieces
  4340 | D:5      | Bought a potion of heal wounds for 60 gold pieces
  4340 | D:5      | Bought a potion of heal wounds for 60 gold pieces
  4340 | D:5      | Bought a potion of degeneration for 12 gold pieces
  5261 | D:6      | Reached skill level 6 in Fighting
  5602 | D:5      | Reached XP level 8. HP: 56/70 MP: 7/7
  5956 | D:6      | Noticed Eustachio
  5963 | D:6      | Killed Eustachio
  6283 | D:7      | Found a staircase to the Ecumenical Temple.
  6298 | Temple   | Entered the Ecumenical Temple
  6467 | Temple   | Became a worshipper of Uskayaw the Reveller
  6480 | D:7      | Reached * piety under Uskayaw
  6523 | D:7      | Reached ** piety under Uskayaw
  6527 | D:7      | Reached *** piety under Uskayaw
  6532 | D:7      | Reached **** piety under Uskayaw
  6535 | D:7      | Reached skill level 7 in Fighting
  6536 | D:7      | Reached ***** piety under Uskayaw
  6908 | D:7      | Reached skill level 1 in Invocations
  6908 | D:7      | Reached XP level 9. HP: 63/79 MP: 8/8
  7025 | D:7      | Paralysed by a hornet for 3 turns
  7339 | D:7      | Found a shadowy altar of Dithmenos.
  7455 | D:7      | Reached skill level 10 in Axes
  7619 | D:8      | Found a staircase to the Lair.
  7690 | D:8      | Reached skill level 8 in Fighting
  7770 | D:8      | Noticed Harold
  7791 | D:8      | Killed Harold
  7995 | D:8      | Reached XP level 10. HP: 69/90 MP: 11/11
  8065 | D:8      | Noticed Pikel
  8079 | D:8      | Killed Pikel
  8281 | D:8      | Found Doibb's Gadget Emporium.
  8344 | D:8      | Noticed Gastronok
  8345 | D:8      | Noticed Joseph
  8348 | D:8      | Found a blossoming altar of Fedhas.
  8357 | D:8      | Killed Gastronok
  8358 | D:8      | Reached skill level 9 in Fighting
  8360 | D:8      | Killed Joseph
  8361 | D:8      | Reached skill level 5 in Invocations
  8546 | D:8      | Found a snail-covered altar of Cheibriados.
  8818 | D:9      | Found a burning altar of Makhleb.
  9035 | D:9      | Found Poisarin's Weapon Emporium.
  9238 | D:9      | Noticed a two-headed ogre
  9247 | D:9      | Killed a two-headed ogre
  9382 | D:9      | Noticed a two-headed ogre
  9392 | D:9      | Killed a two-headed ogre
  9393 | D:9      | Reached XP level 11. HP: 64/99 MP: 14/14
 10013 | D:10     | Entered Level 10 of the Dungeon
 10022 | D:10     | Reached skill level 10 in Fighting
 10029 | D:10     | Reached skill level 10 in Armour
 11157 | D:11     | Killed an unseen horror
 11656 | D:11     | Noticed Josephine
 11657 | D:11     | Killed an unseen horror
 11664 | D:11     | Killed Josephine
 12305 | D:11     | Reached skill level 11 in Fighting
 12515 | D:12     | Noticed Jorgrun
 12807 | D:12     | Reached XP level 12. HP: 110/110 MP: 16/16
 12816 | D:12     | Reached ****** piety under Uskayaw
 12903 | D:12     | Noticed a boulder beetle
 12904 | D:12     | Found a runed translucent gate.
 12905 | D:12     | Noticed a tengu warrior
 12905 | D:12     | Noticed a yaktaur captain
 12976 | D:12     | Noticed a boulder beetle
 13515 | Lair:1   | Entered Level 1 of the Lair of Beasts
 13778 | Lair:1   | Noticed a death yak
 13780 | Lair:1   | Noticed a death yak
 13785 | Lair:1   | Noticed a death yak
 13786 | Lair:1   | Noticed a death yak
 13796 | Lair:1   | Killed a death yak
 13802 | Lair:1   | Killed a death yak
 13802 | Lair:1   | Killed a death yak
 13803 | Lair:1   | Reached skill level 15 in Axes
 13808 | Lair:1   | Killed a death yak
 14902 | Lair:2   | Noticed a seven-headed hydra
 14915 | Lair:2   | Killed a nine-headed hydra
 14916 | Lair:2   | Reached skill level 12 in Fighting
 15530 | Lair:2   | Reached skill level 1 in Dodging
 16380 | Lair:2   | Identified a scroll of acquirement
 16380 | Lair:2   | Acquired a +0 crystal plate armour
 16632 | Lair:3   | Reached XP level 13. HP: 117/118 MP: 18/18
 16734 | Lair:3   | Found a staircase to the Shoals.
 17838 | Lair:4   | Found a staircase to the Snake Pit.
 18948 | Lair:5   | Found a staircase to the Slime Pits.
 19488 | Lair:6   | Entered Level 6 of the Lair of Beasts
 19503 | Lair:6   | Reached skill level 13 in Fighting
 19603 | Lair:6   | Reached skill level 5 in Dodging
 20086 | Lair:6   | Reached skill level 10 in Invocations
 20184 | Lair:6   | Reached skill level 10 in Shields
 20184 | Lair:6   | Reached XP level 14. HP: 38/129 MP: 20/20
 20577 | Lair:6   | Got a vibrating marble ring
 20620 | Lair:6   | Identified the ring of Joam {*Tele +Fly MP-9 Dex+4} (You
                  | found it on level 6 of the Lair of Beasts)
 21695 | D:12     | Noticed tardwrangler69's ghost (journeyman MiFi)
 21697 | D:12     | Found a runed translucent gate.
 21697 | D:12     | Found a runed translucent gate.
 21723 | D:12     | Found a staircase to the Orcish Mines.
 22232 | D:12     | Noticed a shadow dragon
 22239 | D:12     | Noticed a stone giant
 22649 | D:13     | Reached skill level 14 in Fighting
 25334 | D:14     | Identified the +3 ring mail "Kosonyng" {rF- Dex+7}
 25718 | D:14     | Found a gate to the Vaults.
 25910 | D:15     | Entered Level 15 of the Dungeon
 26157 | D:15     | Reached XP level 15. HP: 121/137 MP: 22/22
 26268 | D:15     | Reached skill level 15 in Fighting
 26493 | D:15     | Found a staircase to the Depths.
 27218 | D:15     | Got a flickering bone ring
 28324 | D:13     | Identified the ring of Xom's Full Attention {Ice rElec
                  | SInv} (You found it on level 15 of the Dungeon)
 28428 | Orc:1    | Entered Level 1 of the Orcish Mines
 28599 | Orc:1    | Found a runed translucent gate.
 28599 | Orc:1    | Found a runed translucent gate.
 28600 | Orc:1    | Found a runed translucent gate.
 28602 | Orc:1    | Noticed Moginug's ghost (journeyman DgWn)
 28606 | Orc:1    | Found the +0 mask of the Dragon {Will+ Slay+3 SInv}
 28611 | Orc:1    | Found an iron altar of Okawaru.
 28796 | Orc:1    | Killed Moginug's ghost
 29401 | Orc:2    | Entered Level 2 of the Orcish Mines
 29485 | Orc:2    | Found a flickering gateway to a bazaar.
 29501 | Bazaar   | Entered a bazaar
 29509 | Bazaar   | Found Eloofeon's Magic Scroll Shop.
 29509 | Bazaar   | Found Kiomio's Jewellery Boutique.
 29528 | Bazaar   | Bought a scroll of acquirement for 728 gold pieces
 29528 | Bazaar   | Acquired the ring "Zeurgh" {+Blink EV+4 Dex+7 SInv}
 29534 | Bazaar   | Bought a +4 ring of slaying for 624 gold pieces
 30130 | Orc:2    | Found Ustreazukk's Weapon Emporium.
 30130 | Orc:2    | Found Rara's General Store.
 30137 | Orc:2    | Found Geevon's Book Shoppe.
 30141 | Orc:2    | Found Hivylid's Jewellery Emporium.
 30305 | Orc:2    | Found a runed translucent door.
 30305 | Orc:2    | Noticed Ravenswing17's ghost (journeyman HaFi)
 30321 | Orc:2    | Reached skill level 16 in Fighting
 30456 | Orc:2    | Found a staircase to the Elven Halls.
 31253 | D:12     | Killed Jorgrun
 31554 | D:12     | Noticed an iron dragon
 31558 | D:12     | Noticed a shadow dragon
 31558 | D:12     | an iron dragon changed into a shadow dragon
 31559 | D:12     | Noticed a golden dragon
 31559 | D:12     | a shadow dragon changed into a golden dragon
 31564 | D:12     | Noticed a frost giant
 31566 | D:12     | a frost giant changed into a stone giant
 31634 | Elf:1    | Entered Level 1 of the Elven Halls
 31634 | Elf:1    | Noticed Asterion
 31656 | Elf:1    | Gained mutation: Your spells are a little easier to cast,
                  | but a little less powerful. [a cacodemon]
 31664 | Orc:2    | Killed Asterion
 32070 | Orc:2    | Killed Ravenswing17's ghost
 32520 | Elf:1    | Reached XP level 16. HP: 151/151 MP: 24/24
 32548 | Elf:1    | Reached skill level 10 in Dodging
 33032 | Elf:1    | Noticed Aizul
 33053 | Elf:1    | Killed Aizul
 33689 | Elf:1    | Noticed Nikola
 33711 | Elf:1    | Killed Nikola
 33997 | Elf:1    | Cast into level 4 of the Abyss (a deep elf sorcerer)
 34008 | Elf:1    | Escaped the Abyss
 34013 | Elf:1    | Reached skill level 17 in Fighting
 34091 | Elf:1    | Identified Sif Muna's Disquisition on Confrontation and
                  | Summoning
 34553 | Elf:2    | Reached skill level 15 in Shields
 34875 | Elf:2    | Found a runed translucent gate.
 34875 | Elf:2    | Found a runed translucent gate.
 34875 | Elf:2    | Found a runed translucent gate.
 35482 | Elf:2    | Noticed a deep elf blademaster
 35493 | Elf:2    | Reached XP level 17. HP: 95/163 MP: 26/26
 35497 | Elf:2    | Reached skill level 18 in Fighting
 35497 | Elf:2    | Killed a deep elf blademaster
 36189 | Elf:3    | Entered Level 3 of the Elven Halls
 36411 | Elf:3    | Reached skill level 15 in Invocations
 37002 | Elf:3    | Found an ancient bone altar of Kikubaaqudgha.
 37471 | Elf:3    | Noticed a deep elf blademaster
 37475 | Elf:3    | Cast into level 2 of the Abyss (a deep elf sorcerer)
 37746 | Abyss:2  | Reached skill level 19 in Fighting
 37881 | Elf:3    | Escaped the Abyss
 37881 | Elf:3    | Noticed a deep elf blademaster
 37885 | Elf:3    | Noticed a deep elf master archer
 38134 | Elf:3    | Killed a deep elf master archer
 38546 | Elf:3    | Killed a deep elf blademaster
 38870 | Elf:3    | Identified the +2 scimitar "Xoqof" {freeze, Int+4}
 38878 | Elf:3    | Identified the +10 morningstar "Umecrodd" {venom, *Noise
                  | rPois Str+3 Dex+4}
 38878 | Elf:3    | Identified the ring "Xuj Wias" {+Fly Will- Dex+4 SInv}
 38878 | Elf:3    | Identified the ring "Ateets" {rF+ Str+3}
 39392 | Elf:3    | Identified the cursed +3 battleaxe "Minotaur's Foe" {spect,
                  | rPois}
 39406 | Elf:3    | Killed a deep elf blademaster
 39427 | Elf:3    | Identified the cursed +3 battleaxe "Minotaur's Foe" {spect,
                  | rPois}
 39448 | Elf:3    | Identified the ring "Wuvaefi" {rCorr Stlth+}
 39470 | Elf:3    | Reached XP level 18. HP: 129/178 MP: 29/29
 39651 | Elf:3    | Identified the cursed +0 plate armour "Juthou" {rC+ Will+
                  | Stlth-}
 39670 | Elf:3    | Reached skill level 20 in Fighting
 39885 | Elf:3    | Identified the +0 ring mail of Faemiet {+Blink rF+ rC+}
 40100 | Elf:3    | Identified The Arcane Secrets of Thaumaturgy
 40570 | Snake:1  | Entered Level 1 of the Snake Pit
 40667 | Snake:1  | Found a glowing silver altar of Zin.
 43906 | Snake:2  | Found a sparkling altar of Nemelex Xobeh.
 43982 | Snake:2  | Found Nages's Armour Boutique.
 44006 | Snake:2  | Bought a +2 pair of gloves of strength for 430 gold pieces
 44404 | Snake:3  | Found a broken altar of Ashenzari.
 44955 | Snake:3  | Identified the +8 flail "Paank" {vorpal, *Slow rPois rF-
                  | rC+++}
 45169 | Snake:3  | Reached skill level 21 in Fighting
 45363 | Snake:3  | Found Fupn's Antique Armour Shoppe.
 45373 | Snake:3  | Found Zoadoim's Assorted Antiques.
 45482 | Snake:3  | Found Zavoema's Antique Armour Shop.
 45554 | Snake:3  | Found Wienk's Gadget Shoppe.
 45582 | Snake:3  | Found Highai Hoyni's Magic Scroll Boutique.
 45692 | Snake:4  | Entered Level 4 of the Snake Pit
 45804 | Snake:4  | Reached XP level 19. HP: 165/189 MP: 30/30
 46216 | Snake:4  | Found Lolol's Book Emporium.
 46216 | Snake:4  | Found Winimueg's Jewellery Shoppe.
 47292 | Snake:4  | Got a serpentine rune of Zot
 47365 | Snake:4  | Noticed Donald
 47374 | Snake:4  | Killed Donald
 47597 | Shoals:1 | Entered Level 1 of the Shoals
 48343 | Shoals:1 | Identified the +5 chain mail of Masoci {+Inv Regen+ rCorr
                  | Int+4}
 48571 | Shoals:1 | Found Jolysor's Jewellery Shop.
 50222 | Shoals:3 | Reached XP level 20. HP: 200/200 MP: 32/32
 50548 | Shoals:3 | Reached skill level 22 in Fighting
 51326 | Shoals:3 | Reached skill level 15 in Armour
 51405 | Shoals:3 | Found Soskutez's General Store.
 51572 | Shoals:4 | Entered Level 4 of the Shoals
 51572 | Shoals:4 | Noticed Ilsuiw
 51893 | Shoals:4 | Killed Ilsuiw
 52318 | Shoals:4 | Got a barnacled rune of Zot
 54643 | Vaults:1 | Entered Level 1 of the Vaults
 54833 | D:13     | Reached XP level 21. HP: 209/209 MP: 33/33
 55042 | Snake:3  | Bought the +2 shield of Resistance {rF++ rC++ Will++} for
                  | 2206 gold pieces
 55042 | Snake:3  | Found the +2 shield of Resistance {rF++ rC++ Will++}
 56471 | Vaults:2 | Reached XP level 22. HP: 217/217 MP: 35/35
 56518 | Vaults:2 | Found a huge runed gate.
 56518 | Vaults:2 | Found a huge runed gate.
 56519 | Vaults:2 | Found a huge runed gate.
 56520 | Vaults:2 | Found a huge runed gate.
 56522 | Vaults:2 | Found a huge runed gate.
 56536 | Vaults:2 | Found a ruined gateway.
 56624 | Desolati | Entered the Desolation of Salt
 57149 | Desolati | Reached skill level 23 in Fighting
 57321 | Desolati | Found the +4 dagger "Morg" {pain, Will+ Int+5}
 57326 | Desolati | Identified Xolann's Compendium of Shape Shifting and Battle
                  | Magic
 57341 | Desolati | Got a slimy platinum amulet
 57732 | Desolati | Reached skill level 15 in Dodging
 57773 | Desolati | Identified the +8 spear "Opnavvothra" {vorpal, SInv}
 57834 | Desolati | Got a crude diamond amulet
 57861 | Desolati | Got an ichor-stained hand axe
 57862 | Desolati | Identified the cursed +3 hand axe of the Radish {flame,
                  | Str+4} (You found it in the Desolation of Salt)
 57988 | Vaults:2 | Found a huge runed gate.
 59105 | Vaults:2 | Found a huge runed gate.
 59105 | Vaults:2 | Found a huge runed gate.
 59105 | Vaults:2 | Found a huge runed gate.
 59107 | Vaults:2 | Found a huge runed gate.
 59107 | Vaults:2 | Found a huge runed gate.
 59108 | Vaults:2 | Found a huge runed gate.
 59109 | Vaults:2 | Found a huge runed gate.
 59109 | Vaults:2 | Found a huge runed gate.
 59109 | Vaults:2 | Found a huge runed gate.
 59109 | Vaults:2 | Found a huge runed gate.
 59112 | Vaults:2 | Found a huge runed gate.
 59112 | Vaults:2 | Found a huge runed gate.
 59112 | Vaults:2 | Found a huge runed gate.
 59123 | Vaults:2 | Found a huge runed gate.
 59123 | Vaults:2 | Found a huge runed gate.
 59123 | Vaults:2 | Found a huge runed gate.
 59123 | Vaults:2 | Found a huge runed gate.
 59123 | Vaults:2 | Found a huge runed gate.
 59123 | Vaults:2 | Found a huge runed gate.
 59124 | Vaults:2 | Found a huge runed gate.
 59125 | Vaults:2 | Found a huge runed gate.
 59126 | Vaults:2 | Found a huge runed gate.
 59168 | Vaults:2 | Found a huge runed gate.
 59168 | Vaults:2 | Found a huge runed gate.
 59168 | Vaults:2 | Found a huge runed gate.
 59168 | Vaults:2 | Found a huge runed gate.
 59168 | Vaults:2 | Found a huge runed gate.
 59168 | Vaults:2 | Found a huge runed gate.
 59168 | Vaults:2 | Found a huge runed gate.
 59169 | Vaults:2 | Found a huge runed gate.
 59537 | Vaults:3 | Found a staircase to the Crypt.
 59740 | Vaults:3 | Found Daziaf Suck's Jewellery Shoppe.
 59858 | Vaults:3 | Found a runed translucent gate.
 59858 | Vaults:3 | Found a runed translucent gate.
 59858 | Vaults:3 | Found a runed translucent gate.
 60673 | Vaults:3 | Noticed axecop's ghost (adept DsAK)
 60801 | Vaults:3 | Reached XP level 23. HP: 227/227 MP: 36/36
 62115 | Vaults:4 | Reached skill level 24 in Fighting
 62128 | Vaults:4 | Found a runed translucent gate.
 62128 | Vaults:4 | Found a runed translucent gate.
 62139 | Vaults:4 | Found a runed translucent gate.
 62183 | Vaults:4 | Noticed Angmar's ghost (veteran DrAE)
 62183 | Vaults:4 | Noticed Wueresid's ghost (adept DEWz)
 62198 | Vaults:4 | Found Caahot's Distillery.
 63065 | Vaults:4 | Killed Wueresid's ghost
 63561 | Vaults:4 | Killed from afar by Angmar's ghost

Illustrated notes

Levels and vault maps discovered:
D:1:      dpeg_arrival_snail, layout_loops_corners, minmay_tiny_reverse_x
D:2:      layout_loops_cross, minmay_3d_cube
D:3:      layout_loops_ring, xom_teletrap_fun
D:4:      gammafunk_steamed_eel, layout_basic, hex_large
D:5:      layout_loops_ring, minitemple, serial_shops, shop,
          nicolae_ashenzari_panopticon
D:6:      layout_loops_ring, uniq_eustachio
D:7:      layout_rooms, grunt_dithmenos_smoke_and_mirrors,
          minmay_temple_entry_overgrown, hangedman_decor_clover_reticule,
          grunt_potential
D:8:      layout_basic, lemuel_doored_altar, lair_entry_dummy, serial_shops,
          kennysheep_mini, serial_glass, glass_columns_b, glass_columns_b,
          basic_altar, uniq_gastronok, uniq_harold, uniq_pikel, uniq_joseph
D:9:      layout_basic, overflow_temple_1_default, serial_shops, shop
D:10:     layout_rooms, serial_co_window_serial, co_window_of_opportunity_a,
          co_window_cross_1, co_window_paths_b, co_window_paths_b,
          co_window_paths_a, co_window_paths_c, co_window_cross_2,
          co_window_unsneaky_path_a, co_window_broadway_b, co_window_cross_4,
          co_window_4corner_b, co_window_paths_d, glass_columns_b,
          glass_columns_c, glass_columns_b
D:11:     layout_long_grid, lightli_minifort, uniq_josephine
D:12:     layout_roguey, orc_0_dummy, gammafunk_ghost_split,
          kennysheep_crisscross, uniq_jorgrun
D:13:     lemuel_castle_with_subvaults [lemuel_castle_interior_carwin_2],
          layout_irregular_city
D:14:     dragon1_lemuel, layout_basic, grunt_vaults_entry_fortified,
          serial_bayou_lagoon_a
D:15:     grunt_enter_depths_magical_seal, layout_stronghold,
          serial_bayou_pond_c, nrook_guardian_serpent_ordinary
Temple:   eino_temple_scatter_basement
Lair:1:   layout_regular_city, minmay_lair_oklob_chamber, grunt_megastairs_1
Lair:2:   layout_hall_layers, grunt_megastairs_4
Lair:3:   layout_regular_city, elwin_shoals_entry_stream, lemuel_fruit_fields,
          serial_bayou_shore_b
Lair:4:   layout_long_grid, dummy_snake_entry
Lair:5:   layout_gridlike, slime_dummy
Lair:6:   grunt_lair_end_beastmaster, layout_loops_ring,
          infiniplex_staircase_pool_2
Shoals:1: layout_shoals, serial_shops, shop
Shoals:2: nzn_motion_control, layout_shoals,
          nicolae_shoals_stone_sculpture_thing
Shoals:3: layout_shoals, portal_ice_cave_entry_pillars_2, serial_shops,
          nicolae_shop_trees, st_sunken_huts
Shoals:4: shoals_end_grunt_ice, layout_shoals, shoal_ilsuiw, abandoned_shop
Snake:1:  layout_grid_maze, basic_altar
Snake:2:  layout_onion_interference, serial_shops, nicolae_shop_waterfront,
          basic_altar, serial_bayou_shore_b
Snake:3:  layout_misc_corridors, basic_altar, special_room, serial_shops, shop,
          shop, shop, shop, shop
Snake:4:  grunt_snake_rune_serpentine_throne, layout_gridlike, minmay_shoptagon,
          lemuel_fruit_tree, uniq_donald
Orc:1:    layout_caves, gammafunk_ghost_fury_of_okawaru
Orc:2:    st_orc_mages, layout_caves, serial_shops, bzr_entry_gold,
          gammafunk_ghost_grave, nooodl_orcs_dogs
Elf:1:    elf_arrival_001, layout_onion_city, minmay_elf_sorcery, uniq_asterion,
          uniq_aizul, uniq_nikola
Elf:2:    layout_geoelf_octagon
Elf:3:    minmay_elf_hall_x, layout_loops_cross, basic_altar
Vaults:1: nicolae_vaults_network_star, grunt_vaults_funnel, v_misc_15,
          v_misc_33, nicolae_vaults_disjoint_gnomons,
          nicolae_vaults_little_squares_4, v_alt_pattern_4, v_alt_pattern_6,
          nicolae_vaults_rhombus_6, ontoclasm_vaults_spin,
          hangedman_vaults_stretched_pinwheel, layout_vaults_maze
Vaults:2: hangedman_vaults_stretched_pinwheel, vaults_not_door_vault_mu,
          v_alt_pattern_3, ontoclasm_vaults_idyll,
          nicolae_vaults_hallways_thing, v_misc_14, hangedman_vaults_snaps,
          hangedman_vaults_stretched_pinwheel, ontoclasm_vaults_shuriken,
          v_misc_14, ontoclasm_vaults_gateway, vaults_mumra_hex,
          hangedman_vaults_nails, layout_vaults_big_room,
          portal_desolation_entry_garden
Vaults:3: gammafunk_vaults_ghost_tricky_traps, blue_anna_dwarven_crypt,
          nicolae_vaults_shelves_hall, nicolae_vaults_theta,
          nicolae_vaults_quartermaster, ontoclasm_vaults_loading_screen,
          layout_vaults_quadrants, serial_shops, shop_statue
Vaults:4: gammafunk_vaults_ghost_cemetery, hangedman_vaults_corner_blocks,
          hangedman_vaults_variations, v_misc_9, nicolae_vaults_ninety_degrees,
          vaults_room_stairs_pillars, vaults_room_octagon,
          nicolae_vaults_triangles, hangedman_vaults_impose, v_misc_8,
          hangedman_vaults_pinch, v_misc_31, nicolae_vaults_ring_of_whatevers,
          layout_vaults_omnibox, serial_shops, shop

Skill      XL: |  1  2  3  4  5  6  7  8  9 10 11 12 13 14 15 16 17 18 19 20 21 22 23 |
---------------+----------------------------------------------------------------------+-----
Axes           | 3 4 5 6 7 9 11 12 14 15 16 | 16.0
Fighting       | 4 5 6 7 8 9 11 12 13 14 16 17 19 21 22 23 24 | 24.0
Armour         | 4 5 6 7 8 9 11 12 13 14 15 16 17 18 | 18.4
Shields        | 4 5 6 7 10 11 13 15 | 15.0
Invocations    | 1 3 5 7 8 10 11 12 14 16 17 18 19 20 21 | 21.9
Dodging        | 1 6 9 10 11 12 13 14 15 16 | 16.5

Action                   |  1- 3 |  4- 6 |  7- 9 | 10-12 | 13-15 | 16-18 | 19-21 | 22-24 || total
-------------------------+-------+-------+-------+-------+-------+-------+-------+-------++-------
Melee: War axe           |    84 |   123 |   298 |   535 |  1208 |       |       |       ||  2248
       Headbutt          |     6 |    12 |    58 |   110 |   337 |   292 |   338 |   329 ||  1482
       Broad axe         |       |       |       |       |    63 |   804 |  1061 |   876 ||  2804
       Morningstar       |       |       |       |       |       |   135 |       |       ||   135
Invok: Stomp             |       |       |       |     8 |    28 |     4 |     1 |       ||    41
       Line Pass         |       |       |       |     1 |       |       |       |       ||     1
 Abil: Evoke Blink       |       |       |       |       |     6 |       |       |       ||     6
  Use: Scroll            |       |       |    12 |    17 |    12 |     6 |     3 |     5 ||    55
       Potion            |       |       |     1 |     4 |     8 |       |     3 |       ||    16
 Stab: Paralysed         |       |       |    16 |    63 |   195 |   141 |   210 |   167 ||   792
       Distracted        |       |       |       |     1 |       |       |       |       ||     1
       Petrified         |       |       |       |       |     1 |       |       |       ||     1
Armor: Scale mail        |    18 |       |       |       |       |       |       |       ||    18
       Plate armour      |    31 |    59 |   166 |   285 |       |    55 |   321 |   125 ||  1042
       Crystal plate arm |       |       |       |    12 |   710 |   195 |       |       ||   917
       Skin              |       |       |       |       |    15 |       |       |       ||    15
Dodge: Dodged            |    16 |    17 |    47 |    92 |   293 |   357 |   649 |   387 ||  1858
Block: Kite shield       |    47 |    58 |   133 |   261 |   680 |   612 |   864 |   584 ||  3239
       Reflection        |       |       |       |       |       |       |    58 |       ||    58
